 Dungeon Crawl Stone Soup version 0.24-a0-439-g6dd8730 (webtiles) character file.

Game seed: 14721497561463998241

3537 silenth the Basher (level 10, -4/80 HPs)
             Began as a Human Fighter on June 18, 2019.
             Was a Follower of Okawaru.
             Slain by a very large slime creature (45 damage)
             ... on level 7 of the Dungeon.
             The game lasted 00:08:57 (6845 turns).

silenth the Basher (Human Fighter)                  Turns: 6845, Time: 00:08:58

Health: -4/80      AC: 10    Str: 22    XL:     10   Next: 29%
Magic:  12/12      EV:  9    Int:  8    God:    Okawaru [*.....]
Gold:   405        SH: 10    Dex: 17    Spells: 9/9 levels left

rFire    . . .     SeeInvis +   a - +2 morningstar
rCold    . . .     Gourm    +   c - +0 shield
rNeg     . . .     Faith    .   b - +0 scale mail
rPois    .         Spirit   .   n - +0 helmet
rElec    .         Reflect  .   (no cloak)
rCorr    .         Harm     .   p - +1 pair of gloves
MR       .....                  (no boots)
Stlth    ..........             o - amulet of the gourmand
HPRegen  0.23/turn              I - ring of see invisible
MPRegen  0.13/turn              k - +6 ring of strength

@: no status effects
A: no striking features
a: Heroism, Renounce Religion


You were on level 7 of the Dungeon.
You worshipped Okawaru.
Okawaru was aware of your devotion.
You were very full.

You visited 2 branches of the dungeon, and saw 8 of its levels.
You also visited: Sewer.

You collected 405 gold pieces.

Inventory:

Hand Weapons
 a - a +2 morningstar (weapon)
 w - a +0 flail
Missiles
 x - 2 boomerangs (quivered)
Armour
 b - a +0 scale mail (worn)
 c - a +0 shield (worn)
 n - a +0 helmet (worn)
 p - a +1 pair of gloves (worn)
 v - a cursed +0 chain mail
Jewellery
 k - a +6 ring of strength (right hand)
 o - an amulet of the gourmand (around neck)
 u - an uncursed ring of protection from fire
 y - an uncursed amulet of faith
 F - a +2 ring of intelligence
 G - the ring "Zonaiq" {Wiz MR+ Str+2 Dex-5}
   (You found it on level 7 of the Dungeon)

   [ring of wizardry]

   It improves your spell success rate.
   It affects your strength (+2).
   It affects your dexterity (-5).
   It affects your resistance to hostile enchantments.
 I - a ring of see invisible (left hand)
Wands
 g - a wand of acid (11)
 m - a wand of digging (4)
 A - a wand of polymorph (1)
 H - a wand of flame (15)
Scrolls
 h - 3 scrolls of immolation
 i - a scroll of identify
 l - a scroll of blinking
 q - 7 scrolls of teleportation
 r - 5 scrolls of remove curse
 s - a scroll of fear
 z - a scroll of amnesia {unknown}
 D - 2 scrolls of fog
Potions
 d - 3 potions of might
 f - 5 potions of curing
 j - a potion of heal wounds
 t - 7 potions of flight
 B - 2 potions of brilliance
 C - a potion of magic
 E - a potion of haste
Comestibles
 e - 8 rations


   Skills:
 + Level 8.1 Fighting
 * Level 10.8 Maces & Flails
 + Level 4.1 Armour
 + Level 2.4 Dodging
 - Level 3.0 Shields
 + Level 2.8 Invocations
 + Level 1.3 Evocations


You had 9 spell levels left.
You didn't know any spells.
Your spell library contained the following spells:

 Spells                   Type           Power        Failure   Level  Hunger
 Beastly Appendage        Tmut           #.....       99%         1    ##.....
 Sticks to Snakes         Tmut           #.......     100%        2    ###....
 Spider Form              Tmut/Pois      #.........   100%        3    ####...
 Ice Form                 Ice/Tmut       #.......     100%        4    #####..
 Blade Hands              Tmut           #.........   100%        5    ######.
 Haunt                    Necr/Summ      #.........   100%        7    #######
 Borgnjor's Revivificati  Necr           #.........   100%        8    #######
 Death's Door             Chrm/Necr      #.........   100%        8    #######
 Infestation              Necr           #.........   100%        8    #######
 Necromutation            Tmut/Necr      #.........   100%        8    #######


Dungeon Overview and Level Annotations

Branches:
Dungeon (7/15)             Temple (1/1) D:6

Altars:
Cheibriados
Dithmenos
Elyvilon
Gozag
Hepliaklqana
Kikubaaqudgha
Makhleb
Nemelex Xobeh
Okawaru
Sif Muna
Uskayaw
Vehumet
Wu Jian
Yredelemnul
Zin
The Shining One

Shops:
D:6 (

Annotations:
D:4 3 runed translucent doors, MrPlanck's ghost, amateur TeHu


Message History

Two slime creatures merge to form a very large slime creature.
Things that are here:
a +0 short sword; a big kobold corpse Evoke which item? (* to show all) (? for menu, Esc to quit)
Aiming: Corrosive Bolt
Press: ? - help, Shift-Dir - straight line, f - jelly
Aim: a jelly The bolt of acid hits the very large slime creature!
The very large slime creature is splashed with acid.
The acid corrodes the very large slime creature!
The very large slime creature is moderately wounded.
The bolt of acid hits the jelly.
The jelly completely resists.
You puncture the very large slime creature!
The very large slime creature is moderately wounded.
You block the very large slime creature's attack.
You hit the very large slime creature.
The very large slime creature is moderately wounded.
The very large slime creature hits you!!!
Ouch! That really hurt!
You die...

#.##.# ##..# ##.......## ##.
.....# ##.# ##.[...## #. #(####
#.# ##...## #. #.# #.# ##'## #.
#.# #.## #.# #. #.# #..# ### ##
#.# ####### # #(#
#######J##.....)#######
#(#########....#@#.#....P.##.....
.)).()).##.....#.#J#.÷..÷.#######
######..'......#'#)#P....P#
#.('........#J#J.J÷..#
##.'........#.#PJJ...#
#.##.......#J#......#
#####......##'.J÷P÷.#
##########......# #######


You could see a very large slime creature.

Vanquished Creatures
  Prince Ribbit (D:7)
  Grinder (D:3)
  A hippogriff (D:7)
  Sigmund (D:2)
  A water moccasin (D:7)
  3 ice beasts
  2 sky beasts
  4 ogres
  A centaur (D:5)
  5 big kobolds
  Blork the orc (D:4)
  3 bullfrogs
  2 howler monkeys (D:6)
  A crimson imp (D:6)
  2 bullfrog zombies
  4 hounds
  3 orc priests
  3 jellies (D:7)
  A centaur skeleton (D:6)
  2 iguanas
  Ijyb (D:4)
  3 orc wizards
  Natasha (thrice) (D:2)
  6 worker ants
  A hound skeleton (D:5)
  A gnoll (D:1)
  17 adders
  3 river rats (Sewer)
  2 shadow imps
  3 oozes
  2 adder zombies
  4 worms
  5 dart slugs
  4 leopard geckos
  11 orcs
  5 giant cockroaches
  4 goblins (D:1)
  5 hobgoblins
  9 jackals
  6 quokkas
  4 ball pythons
  9 bats
  6 frilled lizards
  A goblin skeleton (D:6)
  A hobgoblin zombie (D:6)
  21 kobolds
  2 kobold skeletons (D:6)
  A kobold zombie (D:6)
  A leopard gecko skeleton (D:4)
  An orc skeleton (D:6)
  3 orc zombies (D:6)
  A quokka zombie (D:7)
  9 rats
197 creatures vanquished.

Vanquished Creatures (others)
  3 fungi (D:7)
  9 toadstools (D:7)
12 creatures vanquished.

Grand Total: 209 creatures vanquished

Notes
Turn   | Place    | Note
-------+----------+-------------------------------------------
     0 | D:1      | silenth the Human Fighter began the quest for the Orb.
     0 | D:1      | Reached XP level 1. HP: 18/18 MP: 1/1
    67 | D:1      | Reached XP level 2. HP: 23/24 MP: 2/2
   254 | D:1      | Reached skill level 3 in Maces & Flails
   254 | D:1      | Reached XP level 3. HP: 27/29 MP: 3/3
   723 | D:2      | Noticed Natasha
   727 | D:2      | Killed Natasha
   727 | D:2      | Reached XP level 4. HP: 37/37 MP: 4/4
   895 | D:2      | Reached skill level 4 in Maces & Flails
   896 | D:2      | Reached XP level 5. HP: 32/42 MP: 5/5
  1102 | D:2      | Noticed Sigmund
  1114 | D:2      | Killed Sigmund
  1114 | D:2      | Reached skill level 4 in Fighting
  1114 | D:2      | Reached skill level 5 in Maces & Flails
  1114 | D:2      | Reached XP level 6. HP: 42/49 MP: 6/6
  1301 | D:2      | Noticed Natasha
  1313 | D:2      | Killed Natasha
  1660 | D:2      | Noticed Natasha
  1668 | D:2      | Killed Natasha
  1851 | D:3      | Reached XP level 7. HP: 25/55 MP: 7/7
  2068 | D:3      | Noticed Grinder
  2086 | D:3      | Killed Grinder
  2086 | D:3      | Reached skill level 5 in Fighting
  2086 | D:3      | Reached skill level 6 in Maces & Flails
  2418 | D:4      | Noticed Blork the orc
  2571 | D:4      | Killed Blork the orc
  2631 | D:4      | Reached skill level 7 in Maces & Flails
  2631 | D:4      | Reached XP level 8. HP: 50/63 MP: 8/8
  2664 | D:4      | Found a burning altar of Makhleb.
  2664 | D:4      | Noticed an Executioner
  2698 | D:4      | Found a runed translucent gate.
  2698 | D:4      | Found a runed translucent gate.
  2698 | D:4      | Found a runed translucent gate.
  2700 | D:4      | Found an opulent altar of Gozag.
  2704 | D:4      | Noticed MrPlanck's ghost (amateur TeHu)
  3155 | D:3      | Found a snail-covered altar of Cheibriados.
  3255 | D:4      | Noticed Ijyb
  3317 | D:4      | Killed Ijyb
  3576 | D:4      | Reached skill level 6 in Fighting
  3778 | D:5      | Entered Level 5 of the Dungeon
  3778 | D:5      | Found a hide-covered altar of Uskayaw.
  3831 | D:5      | Reached skill level 8 in Maces & Flails
  4303 | D:5      | Found a shadowy altar of Dithmenos.
  4443 | D:5      | Reached XP level 9. HP: 57/71 MP: 9/9
  4564 | D:5      | Found a sparkling altar of Nemelex Xobeh.
  4682 | D:5      | Reached skill level 9 in Maces & Flails
  4825 | D:5      | Reached skill level 7 in Fighting
  5090 | D:6      | Found a white marble altar of Elyvilon.
  5105 | D:6      | Found Tyczauk's Weapon Shoppe.
  5201 | D:6      | Found a glowing drain.
  5218 | Sewer    | Entered a sewer
  5343 | Sewer    | Reached skill level 10 in Maces & Flails
  5590 | D:6      | Found a staircase to the Ecumenical Temple.
  5614 | Temple   | Entered the Ecumenical Temple
  5740 | Temple   | Became a worshipper of Warmaster Okawaru
  5805 | D:6      | Found a glowing golden altar of the Shining One.
  6014 | D:6      | Reached skill level 1 in Invocations
  6331 | D:7      | Got a scorched silver ring
  6366 | D:7      | Reached skill level 1 in Dodging
  6371 | D:7      | Identified the ring "Zonaiq" {Wiz MR+ Str+2 Dex-5} (You
                  | found it on level 7 of the Dungeon)
  6548 | D:7      | Noticed Prince Ribbit
  6560 | D:7      | Killed Prince Ribbit
  6560 | D:7      | Reached skill level 2 in Invocations
  6560 | D:7      | Reached XP level 10. HP: 63/80 MP: 11/11
  6608 | D:7      | Reached * piety under Okawaru
  6621 | D:7      | Reached skill level 8 in Fighting
  6647 | D:7      | Reached skill level 2 in Dodging
  6693 | D:7      | Reached skill level 1 in Evocations
  6699 | D:7      | Reached skill level 4 in Armour
  6845 | D:7      | Slain by a very large slime creature

Levels and vault maps discovered:
D:1:      wheals_arrival_shading, layout_rooms, minmay_hexomino_f4
D:2:      layout_loops_corners, first_ration, uniq_sigmund, uniq_natasha
D:3:      lemuel_upstairs_altar, layout_basic, uniq_grinder
D:4:      layout_cave_pods, makhleb_altar_promises_db, ebering_ghost_gozag,
          uniq_ijyb, uniq_blork_the_orc
D:5:      layout_loops_cross, lemuel_doored_altar,
          nicolae_overflow_hidden_temple, nicolae_overflow_crystal_walls,
          st_stairs_3, nicolae_dithmenos_the_darkroom
D:6:      layout_cave_pods, elyvilon_altar_3, nicolae_tso_besieged_by_evil,
          minmay_temple_entry_antechambers, serial_shops,
          nicolae_shop_window_shopping, cheibrodos_sewer_entry_sluice,
          minmay_misc_feat_plants
D:7:      cheibrodos_fertilizer, layout_loops_corners, old_standard_altar,
          uniq_prince_ribbit1
Temple:   nicolae_temple_figure_zero

Skill      XL: |  1  2  3  4  5  6  7  8  9 10 |
---------------+-------------------------------+-----
Maces & Flails | 3 4 5 7 8 10 | 10.8
Fighting       | 4 5 6 7 8 |  8.1
Invocations    | 2 |  2.8
Dodging        | 1 2 |  2.4
Evocations     | 1 |  1.3
Armour         | 4 |  4.1
Shields        | |  3.0

Action                   |  1- 3 |  4- 6 |  7- 9 | 10-12 || total
-------------------------+-------+-------+-------+-------++-------
Melee: Flail             |   103 |   121 |   102 |       ||   326
       Morningstar       |       |       |   388 |    62 ||   450
       Unarmed           |       |       |     4 |       ||     4
Evoke: Wand              |       |       |       |     1 ||     1
  Use: Potion            |       |     1 |     3 |       ||     4
       Scroll            |       |       |    16 |       ||    16
  Eat: Chunk             |       |     3 |    25 |       ||    28
Armor: Scale mail        |    58 |    73 |   213 |    22 ||   366
       Skin              |       |       |     9 |       ||     9
Dodge: Dodged            |    28 |    43 |   112 |    19 ||   202
Block: Shield            |    74 |    55 |   200 |    36 ||   365

Table legend:
 A = Non-vault XP
 B = Vault XP
 C = Vault XP percentage of total XP
 D = Non-vault monster count
 E = Vault monster count
 F = Vault count percentage of total count
                 A         B        C        D         E       F
            +---------+---------+-------+---------+---------+-------
      Total |    3324 |    1730 |  34.2 |     145 |      52 |  26.4
            +---------+---------+-------+---------+---------+-------
        D:1 |      56 |       6 |   9.7 |      26 |       3 |  10.3
        D:2 |     171 |     253 |  59.7 |      26 |       2 |   7.1
        D:3 |      97 |     262 |  73.0 |      21 |       1 |   4.5
        D:4 |     376 |     127 |  25.2 |      20 |       2 |   9.1
        D:5 |     915 |      44 |   4.6 |      28 |       2 |   6.7
        D:6 |     979 |      27 |   2.7 |      14 |      12 |  46.2
        D:7 |     730 |     800 |  52.3 |      10 |      11 |  52.4
      Sewer |       0 |     211 | 100.0 |       0 |      19 | 100.0
            +---------+---------+-------+---------+---------+-------
